 Dungeon Crawl Stone Soup version 0.31-a0-1-g4198be8af4 (webtiles) character file.

Game seed: 7876799872498281959

7342 lorenzova the Thaumaturge (level 10, -9/50 HPs)
             Began as a Deep Elf Conjurer on Apr 30, 2023.
             Was an Initiate of Vehumet.
             Mangled by an ancient zyme (10 damage)
             ... on level 2 of the Abyss.
             The game lasted 00:40:03 (13321 turns).

lorenzova the Thaumaturge (Deep Elf Conjurer)      Turns: 13321, Time: 00:40:04

Health: -9/50      AC:  6    Str: 21    XL:     10   Next: 91%
Magic:  12/28      EV: 12    Int: 31    God:    Vehumet [......]
Gold:   542        SH:  0    Dex: 11    Spells: 11/34 levels left

rFire   . . .        b - +1 hand axe "Nidutzas" {drain, Fly rPois rN+ Str+3}
rCold   . . .        (no shield)
rNeg    + . .        m - +2 robe "Zuutemp" {Str+3 Int+3 Dex-4 Slay+5}
rPois   +            (no helmet)
rElec   .            w - +0 cloak
rCorr   +            z - +0 pair of gloves
SInv    .            (no boots)
Will    ++...        (no amulet)
Stlth   ++           h - ring of the Ancients {rPois rCorr Str+6 Dex+2 Slay+2}
HPRegen 0.00/turn    i - ring "Bovublol" {Will+ Str+5}
MPRegen 0.21/turn

%: no passive effects
@: sick, flying
A: no striking features
a: Renounce Religion


You were on level 2 of the Abyss.
You worshipped Vehumet.
Vehumet was noncommittal.
You visited 2 branches of the dungeon, and saw 10 of its levels.
You visited the Abyss 1 time.
You also visited: Bailey.

You collected 542 gold pieces.

Inventory:

Hand Weapons
 b - the +1 hand axe "Nidutzas" (weapon) {drain, Fly rPois rN+ Str+3}
   (You took it off a gnoll bouda in a bailey)

   Str:       It affects your strength (+3).
   rPois:     It protects you from poison.
   rN:        It protects you from negative energy.
   Fly:       It grants you flight.
 g - a +4 dagger
Armour
 m - the +2 robe "Zuutemp" (worn) {Str+3 Int+3 Dex-4 Slay+5}
   (You found it on level 3 of the Dungeon)

   Str:       It affects your strength (+3).
   Int:       It affects your intelligence (+3).
   Dex:       It affects your dexterity (-4).
   Slay:      It affects your accuracy & damage with ranged weapons and melee
   (+5).
 w - a +0 cloak (worn)
 z - a +0 pair of gloves (worn)
 E - +0 steam dragon scales
Magical Staves
 p - a staff of fire
Jewellery
 h - the ring of the Ancients (left hand) {rPois rCorr Str+6 Dex+2 Slay+2}
   (You found it on level 2 of the Dungeon)

   [ring of strength]

   Str:       It affects your strength (+6).
   Dex:       It affects your dexterity (+2).
   Slay:      It affects your accuracy & damage with ranged weapons and melee
   (+2).
   rPois:     It protects you from poison.
   rCorr:     It protects you from acid and corrosion.
 i - the ring "Bovublol" (right hand) {Will+ Str+5}
   (You took it off a hobgoblin on level 2 of the Dungeon)

   [ring of willpower]

   Str:       It affects your strength (+5).
   Will:      It increases your willpower.
 v - the ring of Imimois {rC+ Will- AC+4 Stlth+}
   (You found it on level 7 of the Dungeon)

   [ring of protection]

   AC:        It affects your AC (+4).
   rC:        It protects you from cold.
   Will:      It decreases your willpower.
   Stlth:     It makes you more stealthy.
Scrolls
 a - a scroll of noise {unknown}
 c - 2 scrolls of vulnerability
 d - 3 scrolls of magic mapping
 f - a scroll of torment {unknown}
 l - 2 scrolls of blinking
 n - 3 scrolls of enchant armour
 o - 7 scrolls of teleportation
 q - 2 scrolls of amnesia
 r - a scroll of fear {unknown}
 s - a scroll of immolation
 y - 2 scrolls of poison {unknown}
Potions
 e - a potion of lignification {unknown}
 j - a potion of ambrosia {unknown}
 k - 4 potions of mutation {unknown}
 t - 2 potions of haste
 u - a potion of might {unknown}
 x - 2 potions of brilliance {unknown}
 A - a potion of degeneration {unknown}
 B - a potion of attraction {unknown}
 C - a potion of flight {unknown}
 D - 2 potions of curing {unknown}


   Skills:
 - Level 2.4 Dodging
 - Level 2.4 Stealth
 * Level 12.5 Spellcasting
 * Level 11.3 Conjurations
 - Level 6.0 Hexes
 - Level 6.0 Translocations
 + Level 5.3 Fire Magic
 + Level 4.9 Air Magic


You had 11 spell levels left.
You knew the following spells:

 Your Spells              Type           Power      Damage    Failure   Level
a - Magic Dart            Conj           100%       1d8       1%          1
b - Searing Ray           Conj           100%       2d8       1%          2
c - Iskenderun's Mystic   Conj/Tloc      65%        2d13      1%          4
d - Fulminant Prism       Conj/Hex       32%        3d16      1%          4
k - Swiftness             Air            49%        N/A       1%          3
q - Iskenderun's Battles  Conj           74%        2d12      1%          5
s - Sticky Flame          Conj/Fire      63%        2d8       1%          4

Your spell library contained the following spells:

 Spells                   Type           Power      Damage    Failure   Level
 Cigotuvi's Dreadful Rot  Necr/Pois/Air  58%        N/A       1%          2
 Ensorcelled Hibernation  Hex/Ice        76%        N/A       1%          2
 Dazzling Flash           Conj/Hex       100%       N/A       1%          3
 Inner Flame              Hex/Fire       53%        N/A       1%          3
 Mephitic Cloud           Conj/Pois/Air  52%        N/A       1%          3
 Portal Projectile        Hex/Tloc       100%       N/A       1%          3
 Vhi's Electric Charge    Tloc/Air       100%       N/A       1%          3
 Flame Wave               Conj/Fire      63%        2d15      1%          4
 Beastly Appendage        Tmut           38%        N/A       2%          1
 Summon Guardian Golem    Hex/Summ       38%        N/A       2%          3
 Arcjolt                  Conj/Air       31%        1d41      2%          5
 Call Imp                 Summ           38%        N/A       3%          2
 Passwall                 Tmut/Erth      15%        N/A       3%          2
 Sublimation of Blood     Necr           19%        N/A       3%          2
 Wereblood                Tmut           19%        N/A       3%          2
 Ignite Poison            Fire/Tmut/Pois 30%        N/A       3%          3
 Irradiate                Conj/Tmut      26%        3d20      7%          5
 Call Canine Familiar     Summ           19%        N/A       8%          3
 Spider Form              Tmut/Pois      19%        N/A       8%          3
 Leda's Liquefaction      Hex/Erth       19%        N/A       8%          4
 Freezing Cloud           Conj/Ice/Air   26%        6-21      8%          5
 Orb of Destruction       Conj           37%        9d11      21%         7
 Petrify                  Tmut/Erth      19%        N/A       26%         4
 Iron Shot                Conj/Erth      26%        9d6       36%         6
 Spellforged Servitor     Conj/Summ      26%        N/A       91%         7
 Ignition                 Fire           25%        3d9       100%        8
 Maxwell's Capacitive Co  Air            24%        ∞         100%        8


Dungeon Overview and Level Annotations

Branches:
Dungeon (9/15)             Temple (1/1) D:5            Lair (0/5) D:8
 Bailey (visited)
    Orc: D:9-12

Altars:
Ashenzari
Cheibriados
Dithmenos
Elyvilon
Fedhas
Gozag
Hepliaklqana
Kikubaaqudgha
Makhleb
Nemelex Xobeh
Okawaru
Ru
Trog
Uskayaw
Vehumet
Wu Jian
Xom
Yredelemnul
Zin
The Shining One

Shops:
D:1 *

Annotations:
D:2 Sigmund
D:9 Erolcha


Message History

You slash the wraith!
The wraith is almost destroyed.
The wraith hits you!
* * * LOW HITPOINT WARNING * * *
You hit the wraith.
You destroy the wraith!
Vehumet accepts your kill.
Your battlesphere is no longer moving slowly.
Okay, then.
You swap places.
An ancient zyme comes into view.
You feel yourself growing ill in the presence of the ancient zyme.
You feel ill.
Your battlesphere wavers and loses cohesion.
A small abomination comes into view.
You feel ill.
You feel ill.
You feel ill.
A tentacled monstrosity comes into view.
The ancient zyme hits you but does no damage.
The ancient zyme hits you.
* * * LOW HITPOINT WARNING * * *
Casting: Magic Dart (safe; 1% risk of failure)
Confirm with . or Enter, or press ? or * to list all spells.
You erupt in a blast of force!
The mystic blast hits the ancient zyme!
The ancient zyme is moderately damaged.
The ancient zyme is knocked back by the mystic blast.
The ancient zyme slams into the stone wall!
The ancient zyme is moderately damaged.
The mystic blast hits the freezing wraith!
The freezing wraith is moderately damaged.
The freezing wraith is knocked back by the mystic blast.
The ancient zyme attacks as you move away!
The ancient zyme barely misses you.
The ancient zyme hits you but does no damage.
The ancient zyme attacks as you move away!
The ancient zyme hits you!
* * * LOW HITPOINT WARNING * * *
The ancient zyme hits you!
You die...

....#..# ..#....
...#.#.....#.....
.. ###...#.#.....
. . #.#...#.....
###.##..#.#.#
#..#.......#..
#.......X#### #..
####xW..# #.##
#@#.## #
#.........#
#.....#.#..
#.....## ..
#..##.# #. .#. ##
..#. .. ..


You could see a tentacled monstrosity, an ancient zyme and a freezing wraith.

Vanquished Creatures
  A thrashing horror (Abyss:2)
  Maggie (D:8)
  A troll (D:9)
  Prince Ribbit (D:5)
  A wraith (Abyss:2)
  Eustachio (D:6)
  Grum (Bailey)
  A steam dragon (D:8)
  2 wargs (D:8)
  A sky beast (D:7)
  2 ice beasts
  6 orc warriors
  3 black bears
  4 wolves (Bailey)
  An ogre (D:5)
  2 phantoms
  A kobold brigand (D:4)
  8 gnoll sergeants
  5 scorpions
  5 bullfrogs
  4 wights (D:8)
  5 killer bees (D:8)
  4 howler monkeys
  4 crimson imps (D:7)
  3 jellies
  A small abomination (Abyss:2)
  7 hounds
  7 orc priests
  7 gnoll boudas (Bailey)
  4 iguanas
  14 orc wizards
  A statue (D:9)
  8 adders
  31 gnolls
  6 white imps
  5 worms
  4 dart slugs
  35 orcs
  3 ball pythons
  5 bats
  4 endoplasms
  3 giant cockroaches
  16 goblins
  7 hobgoblins
  8 jackals (D:5)
  7 quokkas
  4 frilled lizards
  7 kobolds
  2 rats
264 creatures vanquished.

Vanquished Creatures (others)
  9 fulminant prisms
9 creatures vanquished.

Grand Total: 273 creatures vanquished

Notes
Turn   | Place    | Note
-------+----------+-------------------------------------------
     0 | D:1      | lorenzova the Deep Elf Conjurer began the quest for the
                  | Orb.
     0 | D:1      | Reached XP level 1. HP: 10/10 MP: 6/6
   298 | D:1      | Reached XP level 2. HP: 11/15 MP: 0/8
   369 | D:1      | Learned a level 2 spell: Searing Ray
   487 | D:1      | Found Qaphureo's Assorted Antiques.
   961 | D:1      | Reached skill level 4 in Spellcasting
  1401 | D:2      | Found a faded altar of an unknown god.
  1433 | D:2      | Reached skill level 5 in Conjurations
  1433 | D:2      | Reached XP level 3. HP: 19/19 MP: 8/10
  1623 | D:2      | Identified the ring of the Ancients {rPois rCorr Str+6
                  | Dex+2 Slay+2}
  1688 | D:2      | Identified the ring "Bovublol" {Will+ Str+5}
  2196 | D:2      | Noticed Sigmund
  2415 | D:3      | Reached XP level 4. HP: 24/24 MP: 10/12
  2434 | D:3      | Learned a level 4 spell: Iskenderun's Mystic Blast
  2439 | D:3      | Learned a level 4 spell: Fulminant Prism
  2446 | D:3      | Identified the +2 robe "Zuutemp" {Str+3 Int+3 Dex-4 Slay+5}
  2534 | D:3      | Found an ancient bone altar of Kikubaaqudgha.
  2685 | D:3      | Found a hazy altar of Hepliaklqana.
  2976 | D:3      | Reached skill level 5 in Spellcasting
  3089 | D:3      | Reached skill level 1 in Hexes
  3089 | D:3      | Reached XP level 5. HP: 26/28 MP: 7/14
  3531 | D:3      | Reached skill level 1 in Translocations
  3626 | D:3      | Found a glowing silver altar of Zin.
  4007 | D:4      | Reached XP level 6. HP: 32/32 MP: 8/16
  4117 | D:4      | Reached skill level 6 in Spellcasting
  4554 | D:4      | Found an ornate altar of the Wu Jian Council.
  4890 | D:4      | Learned a level 5 spell: Iskenderun's Battlesphere
  4905 | D:5      | Entered Level 5 of the Dungeon
  4935 | D:5      | Reached XP level 7. HP: 36/36 MP: 13/19
  4974 | D:5      | Found an iron altar of Okawaru.
  5051 | D:5      | Reached skill level 7 in Spellcasting
  5210 | D:5      | Found a basalt altar of Yredelemnul.
  5276 | D:5      | Found a staircase to the Ecumenical Temple.
  5359 | Temple   | Entered the Ecumenical Temple
  5573 | D:5      | Noticed Prince Ribbit
  5858 | D:5      | Killed Prince Ribbit
  5859 | D:5      | Reached skill level 8 in Spellcasting
  5859 | D:5      | Reached XP level 8. HP: 26/41 MP: 11/22
  6125 | D:6      | Found an opulent altar of Gozag.
  6428 | D:6      | Learned a level 4 spell: Sticky Flame
  6432 | D:6      | Learned a level 3 spell: Swiftness
  7508 | D:6      | Reached skill level 9 in Spellcasting
  7508 | D:6      | Reached skill level 5 in Hexes
  7508 | D:6      | Reached skill level 1 in Fire Magic
  7508 | D:6      | Reached skill level 1 in Air Magic
  7573 | D:6      | Noticed Eustachio
  7576 | D:6      | Killed Eustachio
  8036 | D:6      | Reached XP level 9. HP: 45/45 MP: 17/24
  8495 | D:7      | Identified the ring of Imimois {rC+ Will- AC+4 Stlth+}
  8572 | D:7      | Reached skill level 10 in Spellcasting
  8987 | D:7      | Found a shimmering altar of Xom.
  9150 | D:7      | Reached skill level 5 in Translocations
  9596 | D:8      | Found a flagged portal.
  9656 | Bailey   | Entered a bailey
 10012 | Bailey   | Reached skill level 10 in Conjurations
 10065 | Bailey   | Reached XP level 10. HP: 50/50 MP: 6/26
 10070 | Bailey   | Reached skill level 11 in Spellcasting
 10748 | Bailey   | Noticed Grum
 10752 | Bailey   | Killed Grum
 10895 | Bailey   | Identified the +1 hand axe "Nidutzas" {drain, Fly rPois rN+
                  | Str+3}
 11633 | D:8      | Noticed Maggie
 11643 | D:8      | Killed Maggie
 12258 | D:8      | Found a staircase to the Lair.
 12581 | D:9      | Noticed a +0 hand axe
 12584 | D:9      | Noticed a +0 hand axe
 12588 | D:9      | Found a hide-covered altar of Uskayaw.
 12605 | D:9      | Reached skill level 12 in Spellcasting
 12723 | D:9      | Found a radiant altar of Vehumet.
 12927 | D:9      | Became a worshipper of Vehumet
 12956 | D:9      | Found a glowing golden altar of the Shining One.
 13013 | D:9      | Noticed Erolcha
 13014 | D:9      | Reached skill level 5 in Fire Magic
 13021 | Abyss:2  | Found a corrupted altar of Lugonu.
 13021 | Abyss:2  | Found a corrupted altar of Lugonu.
 13021 | Abyss:2  | Cast into level 2 of the Abyss (Erolcha)
 13164 | Abyss:2  | Noticed a tentacled starspawn
 13178 | Abyss:2  | Noticed a sun demon
 13239 | Abyss:2  | Noticed a thrashing horror
 13245 | Abyss:2  | Killed a thrashing horror
 13313 | Abyss:2  | Noticed a tentacled monstrosity
 13321 | Abyss:2  | HP: 1/50 [ancient zyme (9)]
 13321 | Abyss:2  | Mangled by an ancient zyme

Illustrated notes

Levels and vault maps discovered:
D:1:      dpeg_arrival_simpleton_b, layout_loops_corners, serial_shops,
          nicolae_diamond_shop
D:2:      kennysheep_the_goblin_king, layout_rooms,
          hellmonk_ecumenical_altar_arch_garden, uniq_sigmund
D:3:      layout_loops_cross, nicolae_overflow_crystal_walls,
          mainiacjoe_overflow_catwalk, zin_treasury, grunt_ministairs_4
D:4:      layout_gridville, mainiacjoe_overflow_chevrons
D:5:      layout_basic, okawaru_gym_becter, old_standard_altar,
          minmay_temple_entry_drinking_statues, uniq_prince_ribbit1
D:6:      layout_basic, nicolae_gozag_seed_capital, uniq_eustachio
D:7:      layout_loops_cross, led_xom_imps, serial_rivers,
          chequers_serial_rivers_small_3, chequers_serial_rivers_room_b,
          chequers_serial_rivers_small_b, chequers_serial_rivers_micro_a,
          chequers_serial_rivers_room_b
D:8:      layout_gridville, erik_lair_orcish_takeover, enter_bailey_5,
          uniq_maggie
D:9:      layout_cave_pools, vehumet_statue, mainiacjoe_overflow_alcove_4,
          dancing_weapons_uskayaw, old_standard_altar, uniq_joseph,
          uniq_erolcha, uniq_maurice
Temple:   hellmonk_temple_beads
Abyss:2:  base: D:5, evilmike_abyss_exit_13, hangedman_shadowy_showcase

Skill      XL: |  1  2  3  4  5  6  7  8  9 10 |
---------------+-------------------------------+-----
Spellcasting   | 4 5 6 8 9 10 12 | 12.5
Conjurations   | 5 6 7 8 10 11 | 11.3
Hexes          | 1 2 3 4 5 6 |  6.0
Translocations | 1 2 3 4 5 6 |  6.0
Fire Magic     | 1 3 5 |  5.3
Air Magic      | 1 3 4 |  4.9
Dodging        | |  2.4
Stealth        | |  2.4

Action                     |  1- 3 |  4- 6 |  7- 9 | 10-12 || total
---------------------------+-------+-------+-------+-------++-------
  Melee: Dagger            |       |     1 |     5 |       ||     6
         Punch             |       |       |     1 |       ||     1
         Hand axe          |       |       |       |     8 ||     8
   Cast: Magic Dart        |    79 |    76 |   163 |   103 ||   421
         Searing Ray       |       |    15 |    25 |       ||    40
         Iskenderun's Myst |       |       |    17 |    11 ||    28
         Fulminant Prism   |       |       |     5 |     4 ||     9
         Iskenderun's Batt |       |       |    18 |    31 ||    49
    Use: Scroll            |       |     7 |     3 |       ||    10
         Potion            |       |       |     4 |       ||     4
 Armour: Robe              |       |     5 |    15 |     5 ||    25
  Dodge: Dodged            |     4 |     8 |    45 |    12 ||    69

Table legend: (Time is in decaauts)
 A = Elapsed time spent in this place.
 B = Non-inter-level travel time spent in this place.
 C = Inter-level travel time spent in this place.
 D = Time resting spent in this place.
 E = Time spent auto-exploring this place.
 F = Levels seen in this place.
 G = Mean time per level.
                   A        B        C        D        E       F      G
               +--------+--------+--------+--------+--------+-----+--------+
         Total |  13319 |  13017 |    302 |   6495 |   2263 |  12 | 1109.9 |
       Dungeon |  11015 |  10725 |    290 |   4930 |   2115 |   9 | 1223.9 |
        Temple |    108 |     96 |     12 |      0 |     86 |   1 |  108.0 |
         Abyss |    300 |    300 |      0 |     46 |      0 |   1 |  300.0 |
        Bailey |   1894 |   1894 |      0 |   1519 |     62 |   1 | 1894.0 |
               +--------+--------+--------+--------+--------+-----+--------+

Top non-repeatable levels by time:
     D:6: 2087 daAuts
  Bailey: 1894 daAuts
     D:3: 1375 daAuts
     D:1: 1264 daAuts
     D:7: 1240 daAuts
     D:8: 1239 daAuts
     D:4: 1144 daAuts
     D:2: 1118 daAuts
     D:5: 1085 daAuts
     D:9: 460 daAuts
 Abyss:2: 300 daAuts
  Temple: 108 daAuts
